 Dungeon Crawl Stone Soup version 0.30.0 (webtiles) character file.

Game seed: 1670590730992960388

133 Moeireigaen the Magician (level 5, -1/37 HPs)
             Began as a Djinni Fire Elementalist on June 27, 2023.
             Slain by a gnoll
             ... wielding a +0 halberd
              (11 damage)
             ... on level 1 of the Dungeon on June 30, 2023.
             The game lasted 00:28:39 (2329 turns).

Moeireigaen the Magician (Djinni Fire Elementalist) Turns: 2329, Time: 00:28:40

Health: -1/37      AC:  2    Str:  7    XL:     5   Next: 39%
Gold:   169        EV: 12    Int: 18    God:
                   SH:  0    Dex: 14

rFire   + + .        i - +0 short sword
rCold   x . .        (no shield)
rNeg    . . .        a - +0 robe
rPois   ∞            (no helmet)
rElec   .            (no cloak)
rCorr   .            (no gloves)
SInv    .            (boots unavailable)
Will    .....        (no amulet)
Stlth   ++           (no ring)
HPRegen 0.26/turn    (no ring)
MPRegen 0.00/turn

%: infuse magic (-2 HP)
@: flying
A: sickness immunity, fire resistance 2, cold vulnerability 1, float, innate
caster, HP casting, extra vitality 1
a: no special abilities


You were on level 1 of the Dungeon.
You visited 1 branch of the dungeon, and saw 2 of its levels.

You collected 169 gold pieces.

Inventory:

Hand Weapons
 i - a +0 short sword (weapon)
Armour
 a - a +0 robe (worn)
 j - a +3 ring mail
Jewellery
 o - a +6 ring of strength
Wands
 n - a wand of acid (10)
Scrolls
 b - a scroll of teleportation {unknown}
 c - a scroll of fear {unknown}
 d - 2 scrolls of vulnerability {unknown}
 e - a scroll of butterflies {unknown}
 f - a scroll of immolation {unknown}
 g - 3 scrolls of identify {unknown}
 h - a scroll of silence {unknown}
 k - a scroll of acquirement {unknown}
 m - 2 scrolls of blinking {unknown}
 q - a scroll of noise {unknown}
Potions
 l - a potion of resistance
 p - a potion of mutation {unknown}
 r - a potion of attraction {unknown}
 s - a potion of curing


   Skills:
 * Level 1.1 Fighting
 - Level 2.1 Dodging
 - Level 1.5 Stealth
 * Level 4.2 Spellcasting


You knew the following spells:

 Your Spells              Type           Power      Damage    Failure   Level
a - Foxfire               Conj/Fire      76%        2x1d7     2%          1
b - Scorch                Fire           38%        2d7       3%          2
c - Volatile Blastmotes   Fire/Tloc      38%        2d13      8%          3
d - Inner Flame           Hex/Fire       19%        N/A       8%          3
e - Flame Wave            Conj/Fire      19%        2d7       24%         4
f - Summon Small Mammal   Summ           76%        N/A       2%          1
g - Blink                 Tloc           38%        N/A       3%          2
Your spell library was empty.

Dungeon Overview and Level Annotations

Branches:
Dungeon (2/15)

Altars:


Innate Abilities, Weirdness & Mutations

You are immune to sickness and miasma.
You are immune to poison.
Your flesh is very heat resistant. (rF++)
You are vulnerable to cold. (rC-)
You float through the air rather than walking.
You learn spells naturally, not from books.
Your magical power is your life essence.
You have superior vitality. (+4 MHP)


Message History

The gnoll closely misses you.
Casting: Scorch (safe; 3% risk of failure)
Confirm with . or Enter, or press ? or * to list all spells.
Flames lash the gnoll.
The gnoll is burned terribly!
You kill the gnoll!
Okay, then.
You start resting.
HP restored.
There is a stone staircase leading down here.
You see here a +0 whip.
You can't go up here!
You fly downwards.
The gnoll closely misses you.
There is a stone staircase leading up here.
The gnoll barely misses you.
You fly upwards.
There is a stone staircase leading down here.
You see here a +0 whip.
You fly downwards.
The gnoll hits you with a +0 halberd!
There is a stone staircase leading up here.
The gnoll hits you with a +0 halberd.
You fly upwards.
There is a stone staircase leading down here.
You see here a +0 whip.
Casting: Scorch (safe; 3% risk of failure)
Confirm with . or Enter, or press ? or * to list all spells.
Flames lash the gnoll.
The gnoll is heavily wounded.
The gnoll's fire resistance burns away.
The gnoll hits you with a +0 halberd! The gnoll attacks as you move away!
The gnoll closely misses you.
The gnoll hits you from afar with a +0 halberd.
* * * LOW HITPOINT WARNING * * *
Things that are here:
a +0 halberd; a gnoll corpse The gnoll is no longer more vulnerable to fire.
Casting: Scorch (safe; 3% risk of failure)
Confirm with . or Enter, or press ? or * to list all spells.
You conjure some foxfire!
* * * LOW HITPOINT WARNING * * *
The gnoll hits you from afar with a +0 halberd!
You die...

#...........#
#.#...#....#
#...........#
#.#.....####
#...........#
#...#.###
#...........#
#.#>..#
#...........#
#.#)###
#...........###.#.#
##'#........'...#g#
##.#.#......#####v#
................@v#
##.##############.#
........# #.#
##.####.# ###
......#.# ##.#....#
#.###### #.# ##.#


You could see a gnoll (ally target).

Vanquished Creatures
  Terence (D:2)
  Robin (D:2)
  2 gnolls (D:1)
  A worm (D:2)
  3 dart slugs (D:2)
  4 ball pythons
  2 endoplasms (D:2)
  3 giant cockroaches (D:2)
  16 goblins
  7 hobgoblins
  2 jackals (D:1)
  A quokka (D:2)
  5 bats
  4 frilled lizards
  11 kobolds
  A rat (D:2)
64 creatures vanquished.

Vanquished Creatures (collateral kills)
  2 foxfires (D:1)
2 creatures vanquished.

Vanquished Creatures (others)
  201 foxfires
201 creatures vanquished.

Grand Total: 267 creatures vanquished

Notes
Turn   | Place    | Note
-------+----------+-------------------------------------------
     0 | D:1      | Moeireigaen the Djinni Fire Elementalist began the quest
                  | for the Orb.
     0 | D:1      | Moeireigaen set off with the following spells memorised:
                  | Foxfire, Scorch, Volatile Blastmotes, Inner Flame, Flame
                  | Wave.
     0 | D:1      | Reached XP level 1. HP: 15/15 MP: 0/0
   320 | D:1      | Reached XP level 2. HP: 18/21 MP: 0/0
   530 | D:1      | Reached skill level 3 in Spellcasting
  1079 | D:2      | Reached XP level 3. HP: 22/25 MP: 0/0
  1079 | D:2      | Learned a level 1 spell: Summon Small Mammal
  1081 | D:2      | Noticed Terence
  1089 | D:2      | Killed Terence
  1189 | D:2      | Reached XP level 4. HP: 28/31 MP: 0/0
  1223 | D:2      | Noticed an eye of devastation
  1225 | D:2      | Found a faded altar of an unknown god.
  1229 | D:2      | Noticed a great orb of eyes
  1229 | D:2      | Noticed a floating eye
  1229 | D:2      | Noticed a great orb of eyes
  1238 | D:2      | Noticed Robin
  1252 | D:2      | Killed Robin
  1628 | D:2      | Reached skill level 4 in Spellcasting
  1630 | D:2      | Reached skill level 1 in Fighting
  1633 | D:2      | Reached XP level 5. HP: 14/37 MP: 0/0
  1633 | D:2      | Learned a level 2 spell: Blink
  2329 | D:1      | Slain by a gnoll

Illustrated notes

Levels and vault maps discovered:
D:1:      saegor_arrival_fortress, layout_basic
D:2:      layout_basic, hellmonk_ecumenical_altar_watching_god, serial_rivers,
          chequers_serial_rivers_large_a, chequers_serial_rivers_micro_b,
          chequers_serial_rivers_room_a, chequers_serial_rivers_marsh,
          chequers_serial_rivers_marsh, chequers_serial_rivers_micro_c,
          grunt_ministairs_4, dreamdust_wishing_well, minmay_joined_circles,
          uniq_terence, uniq_robin

Skill      XL: |  1  2  3  4 |
---------------+-------------+-----
Spellcasting   | 3 4 |  4.2
Fighting       | 1 |  1.1
Dodging        | |  2.1
Stealth        | |  1.5

Action                     |  1- 3 |  4- 6 || total
---------------------------+-------+-------++-------
  Melee: Unarmed           |    16 |       ||    16
         Short sword       |       |     6 ||     6
   Cast: Foxfire           |    55 |    78 ||   133
         Scorch            |     2 |     9 ||    11
         Summon Small Mamm |     2 |       ||     2
   Stab: Sleeping          |     2 |       ||     2
 Armour: Robe              |    10 |     2 ||    12
  Dodge: Dodged            |    20 |    25 ||    45
